 Dungeon Sprint DCSS version 0.21-a0-201-g8501b10 (webtiles) character file.

1740 KristoblXynda the Unseen (level 9, -4/51 HPs)
             Began as an Octopode Enchanter on Aug 18, 2017.
             Was an Initiate of Dithmenos.
             Slain by a centaur warrior (11 damage)
             ... in the Dungeon (Sprint I: "Red Sonja").
             The game lasted 00:04:14 (1126 turns).

KristoblXynda the Unseen (Octopode Enchanter)       Turns: 1126, Time: 00:04:15

Health: -4/51      AC:  1    Str: 10    XL:     9   Next: 5%
Magic:  17/23      EV: 13    Int: 18    God:    Dithmenos [......]
Gold:   537        SH:  0    Dex: 12    Spells: 23/29 levels left

rFire    . . .     SeeInvis .   k - +2 short sword (drain)
rCold    . . .     Gourm    .   (no shield)
rNeg     . . .     Faith    .   (helmet restricted)
rPois    .         Spirit   .   (no amulet)
rElec    .         Reflect  .   (no ring)
rCorr    .         Harm     .   (no ring)
MR       .....     NoTele   +   (no ring)
Stlth    +++++++...             (no ring)
HPRegen  0.17/turn              (no ring)
MPRegen  0.18/turn              (no ring)
                                (no ring)
                                (no ring)

@: no status effects
A: almost no armour, stealthy swim, amphibious, 8 rings, constrict 8, camouflage
1, gelatinous body 1
a: Renounce Religion


You were in the Dungeon.
You worshipped Dithmenos.
Dithmenos was noncommittal.
You were hungry.

You visited 1 branch You collected 757 gold pieces.
You spent 220 gold pieces at shops.

Inventory:

Hand Weapons
 k - a +2 short sword of draining (weapon)
Missiles
 l - 5 curare-tipped needles
Wands
 j - a wand of enslavement (7/24)
Scrolls
 h - a scroll of recharging {unknown}
 i - 2 scrolls of blinking
Potions
 d - 3 potions of curing
 f - 2 potions of haste
 g - 2 potions of magic
Books
 a - a book of Minor Magic

   Spells                             Type                      Level
   a - Magic Dart                     Conjuration                  1
   b - Blink                          Translocation                2
   c - Call Imp                       Summoning                    2
   d - Slow                           Hexes                        2
   e - Conjure Flame                  Conjuration/Fire             3
   f - Mephitic Cloud                 Conjuration/Poison/Air       3
 b - a book of Maledictions

   Spells                             Type                      Level
   a - Corona                         Hexes                        1
   b - Ensorcelled Hibernation        Hexes/Ice                    2
   c - Confuse                        Hexes                        3
   d - Tukima's Dance                 Hexes                        3
   e - Dazzling Spray                 Conjuration/Hexes            3
Comestibles
 c - a bread ration


   Skills:
 + Level 1.0 Short Blades
 - Level 2.0 Dodging
 + Level 15.6 Stealth
 - Level 10.6 Spellcasting
 + Level 11.7 Hexes


You had 23 spell levels left.
You knew the following spells:

 Your Spells              Type           Power        Failure   Level  Hunger
a - Corona                Hex            ######.      1%          1    None
b - Ensorcelled Hibernat  Hex/Ice        ####..       1%          2    None
c - Confuse               Hex            ######..     1%          3    None


Dungeon Overview and Level Annotations

Branches:
Dungeon (1/1)

Altars:
Cheibriados
Dithmenos
Elyvilon
Fedhas
Gozag
Hepliaklqana
Kikubaaqudgha
Makhleb
Nemelex Xobeh
Okawaru
Qazlal
Ru
Sif Muna
Trog
Uskayaw
Vehumet
Wu Jian
Xom
Yredelemnul
Zin
The Shining One
Jiyva
Lugonu

Shops:
D :*[


Innate Abilities, Weirdness & Mutations

You cannot wear most types of armour.
You are very stealthy in the water. (Stealth+)
You are amphibious.
You can wear up to eight rings at the same time.
You can use your tentacles to constrict eight enemies at once.
Your skin changes colour to match your surroundings (Stealth+).
Your rubbery body absorbs attacks. (AC +1, EV +1)


Message History

Aim: a centaur warrior, wielding a longbow (purple smoke, chance to defeat MR: 56%)
The centaur warrior resists with significant effort.
The centaur warrior shoots an arrow.
The arrow closely misses you.
The centaur warrior barely misses you. x2
Casting: Confuse
Confirm with . or Enter, or press ? or * to list all spells.
Aiming: Confuse
Press: ? - help, Shift-Dir - straight line, f/p - centaur warrior
Aim: a centaur warrior, wielding a longbow (purple smoke, chance to defeat MR: 56%)
The centaur warrior appears confused.
The centaur warrior hits you!
The centaur warrior unwields an uncursed longbow.
The centaur warrior hits you!
* * * LOW HITPOINT WARNING * * *
You closely miss the centaur warrior.
Your squeeze misses the centaur warrior.
The centaur warrior is almost dead.
The centaur warrior hits you.
* * * LOW HITPOINT WARNING * * *
The centaur warrior hits you!
You die...

################
#..'..#.)'..#__#
'[.#.)'..#..'..+
#####'#####'#__####
####..#...#[####§§#
#__####..##.#≈§§§§#
#_____##'#_.+≈§§§§+
#_.∩...'..._#§§c@c#
#_..__##_.#'##§####
#_____###'#.#.).[###
#########.####'###.##
.......'...'.....'.∩#
++++####.).##########
###.### #.#'#.#
#.....#


You could see 2 centaur warriors.

Vanquished Creatures
  Sonja (D)
  A deep troll (D)
  A slime creature (D)
  Sigmund (D)
  A yak (D)
  An ogre (D)
  A jelly (D)
  Ijyb (D)
  A ballistomycete (D)
9 creatures vanquished.

Vanquished Creatures (others)
  A gargoyle (D)
  2 ballistomycete spores (D)
3 creatures vanquished.

Grand Total: 12 creatures vanquished

Notes
Turn   | Place    | Note
-------+----------+-------------------------------------------
     0 | D        | KristoblXynda the Octopode Enchanter began the quest for the Orb.
     0 | D        | Reached XP level 1. HP: 11/11 MP: 3/3
     2 | D        | Noticed Ijyb
    10 | D        | Killed Ijyb
    10 | D        | Reached skill level 6 in Stealth
    10 | D        | Reached XP level 2. HP: 16/17 MP: 3/6
    10 | D        | Reached XP level 3. HP: 19/21 MP: 4/8
    47 | D        | Learned a level 2 spell: Ensorcelled Hibernation
    51 | D        | Learned a level 3 spell: Confuse
   100 | D        | Noticed an ogre
   108 | D        | Killed an ogre
   108 | D        | Reached skill level 8 in Stealth
   108 | D        | Reached skill level 5 in Spellcasting
   108 | D        | Reached XP level 4. HP: 27/27 MP: 4/11
   166 | D        | Noticed Sigmund
   170 | D        | Killed Sigmund
   170 | D        | Reached skill level 10 in Stealth
   170 | D        | Reached XP level 5. HP: 31/31 MP: 10/14
   170 | D        | Reached XP level 6. HP: 36/36 MP: 10/15
   204 | D        | Found a deep blue altar of Sif Muna.
   205 | D        | Found an ornate altar of the Wu Jian Council.
   206 | D        | Found a radiant altar of Vehumet.
   215 | D        | Reached skill level 11 in Stealth
   312 | D        | Found a viscous altar of Jiyva.
   312 | D        | Found a corrupted altar of Lugonu.
   312 | D        | Noticed a slime creature
   313 | D        | Found a burning altar of Makhleb.
   313 | D        | Found a shimmering altar of Xom.
   325 | D        | Killed a slime creature
   325 | D        | Reached skill level 12 in Stealth
   325 | D        | Reached XP level 7. HP: 25/41 MP: 8/18
   476 | D        | Found Lets's General Store.
   476 | D        | Found an ancient bone altar of Kikubaaqudgha.
   476 | D        | Found a stormy altar of Qazlal.
   476 | D        | Found a blossoming altar of Fedhas.
   476 | D        | Found a bloodstained altar of Trog.
   476 | D        | Found an iron altar of Okawaru.
   476 | D        | Found a glowing golden altar of the Shining One.
   476 | D        | Found a glowing silver altar of Zin.
   476 | D        | Found a white marble altar of Elyvilon.
   476 | D        | Noticed a yak
   477 | D        | Found a hazy altar of Hepliaklqana.
   477 | D        | Found a hide-covered altar of Uskayaw.
   477 | D        | Found a basalt altar of Yredelemnul.
   477 | D        | Found an opulent altar of Gozag.
   477 | D        | Found a snail-covered altar of Cheibriados.
   477 | D        | Found a sacrificial altar of Ru.
   477 | D        | Found a shadowy altar of Dithmenos.
   478 | D        | Killed a yak
   478 | D        | Reached skill level 13 in Stealth
   479 | D        | Found a sparkling altar of Nemelex Xobeh.
   488 | D        | Became a worshipper of Dithmenos the Shadowed
   496 | D        | Noticed Sonja
   500 | D        | Killed Sonja
   500 | D        | Reached skill level 14 in Stealth
   500 | D        | Reached skill level 10 in Hexes
   500 | D        | Reached XP level 8. HP: 46/46 MP: 19/21
   565 | D        | Found Xiutwim's Book Boutique.
   573 | D        | Bought a book of Minor Magic for 220 gold pieces
   585 | D        | Noticed a deep troll
   592 | D        | Killed a deep troll
   592 | D        | Reached skill level 15 in Stealth
   592 | D        | Reached skill level 10 in Spellcasting
   592 | D        | Reached XP level 9. HP: 10/51 MP: 18/23
   829 | D        | Found Odestrott's Armour Emporium.
   842 | D        | Killed a gargoyle
  1117 | D        | Noticed a centaur warrior
  1118 | D        | Noticed a centaur warrior
  1126 | D        | Slain by a centaur warrior

Vault maps used:
D:        dungeon_sprint_1

Skill      XL: |  1  2  3  4  5  6  7  8 |
---------------+-------------------------+-----
Stealth        | 6 8 10 12 14 15 | 15.6
Spellcasting   | 3 5 6 8 9 10 | 10.6
Hexes          | 4 6 7 9 10 11 | 11.7
Short Blades   | |  1.0
Dodging        | |  2.0

Action                   |  1- 3 |  4- 6 |  7- 9 || total
-------------------------+-------+-------+-------++-------
Melee: Dagger            |    12 |    13 |     2 ||    27
       Tentacles         |     2 |     1 |     2 ||     5
       Constrict         |     1 |       |     1 ||     2
       Short sword       |       |       |     9 ||     9
 Cast: Ensorcelled Hiber |     2 |     3 |       ||     5
       Confuse           |       |     3 |     3 ||     6
  Use: Potion            |     1 |       |     1 ||     2
 Stab: Sleeping          |     2 |     3 |     4 ||     9
       Confused          |       |     1 |     1 ||     2
Dodge: Dodged            |     4 |     6 |    11 ||    21
